 Dungeon Crawl Stone Soup version 0.31-a0-1612-g4aaf141004 (webtiles) character file.

Game seed: 9495232734883085494

227 Dirtsage the Changeling (level 6, 0/41 HPs)
             Began as an Octopode Shapeshifter on Jan 9, 2024.
             Slain by an orc
             ... wielding a +0 mace
              (5 damage)
             ... on level 3 of the Dungeon.
             The game lasted 00:04:47 (2276 turns).

Dirtsage the Changeling (Octopode Shapeshifter)     Turns: 2276, Time: 00:04:47

Health: 0/41       AC:  1    Str: 13    XL:     6   Next: 2%
Magic:  6/6        EV: 14    Int: 12    God:
Gold:   153        SH:  0    Dex: 14    Spells: 5/5 levels left

rFire   . .          .
                       - Unarmed
rCold   . . .        (no shield)
rNeg    . . .        (helmet currently unavailable)
rPois   .            (no amulet)
rElec   .            f - ring of willpower
rCorr   .            (no ring)
SInv    .            (no ring)
Will    +....        (no ring)
Stlth   ++           (no ring)
HPRegen 0.26/turn    (no ring)
MPRegen 0.10/turn    (no ring)
                     (no ring)

%: no passive effects
@: beast-form, weakened, studying Polearms
A: beast (slay +2), almost no armour, amphibious, 8 rings, camouflage 1,
gelatinous body 1, (nimble swimmer 1), tentacles
a: Begin Untransformation


You were on level 3 of the Dungeon.
You were a hulking beast.
You visited 1 branch of the dungeon, and saw 4 of its levels.

You collected 153 gold pieces.

Inventory:

Missiles
 r - a throwing net (quivered)
Magical Staves
 q - a staff of death
Jewellery
 f - a ring of willpower (left tentacle)
Talismans
 b - a beast talisman
 c - a flux talisman
 h - a flux talisman
Scrolls
 e - 3 scrolls of amnesia {unknown}
 g - 4 scrolls of immolation {unknown}
 i - 3 scrolls of identify {unknown}
 n - a scroll of torment {unknown}
 o - a scroll of blinking {unknown}
Potions
 a - a potion of lignification
 d - a potion of ambrosia {unknown}
 j - a potion of haste {unknown}
 k - a potion of mutation {unknown}
 l - a potion of might {unknown}
 m - 2 potions of curing {unknown}
 p - a potion of invisibility {unknown}


   Skills:
 + Level 2.5 Fighting
 + Level 3.2 Dodging
 + Level 3.9 Unarmed Combat
 * Level 4.4 Shapeshifting


You had 5 spell levels left.
You didn't know any spells.
Your spell library contained the following spells:

 Spells                   Type           Power      Damage    Failure   Level
 Slow                     Hex            0%         N/A       32%         1
 Confusing Touch          Hex            0%         N/A       69%         3
 Sigil of Binding         Hex            0%         N/A       69%         3
 Vampiric Draining        Necr           0%         2d6       69%         3
 Olgreb's Toxic Radiance  Alch           0%         N/A       97%         4
 Ozocubu's Refrigeration  Ice            0%         4d7       100%        7
 Discord                  Hex            0%         N/A       100%        8


Dungeon Overview and Level Annotations

Branches:
Dungeon (4/15)
 Temple: D:4-7

Altars:

Shops:
D:2 (


Innate Abilities, Weirdness & Mutations

You are a hulking beast.
Your limbs bulge with bestial killing power. (Slay +2)
You cannot wear most types of armour.
You are amphibious.
You can wear up to eight rings at the same time.
Your skin changes colour to match your surroundings (Stealth+).
Your rubbery body absorbs attacks. (AC +1, EV +1)
((You are camouflaged when in or above water. (Stealth+)))
You have tentacles for arms and can constrict up to eight enemies at once.


Message History

You take 1 damage, and have 22/35 hp.
You bludgeon the orc wizard!
You kill the orc wizard!
The orc completely misses you.
You have reached level 6!
You regained 4 hp, and now have 26/41 hp.
MP restored: 6 You tentacle-slap the orc.
Your grab misses the orc.
The orc is heavily wounded.
The orc hits you with a +0 club.
You take 4 damage, and have 22/41 hp.
You tentacle-slap the orc.
You kill the orc!
You start resting.
HP restored.
Health restored: 41 You climb downwards.
The orc closely misses you. The phantom completely misses you.
The ogre hits you with a +0 giant club!!
The gnoll bouda gazes fiercely through you!
You feel your attacks grow feeble. The orc hits you but does no damage.
The phantom barely misses you.
The gnoll bouda gazes fiercely through you!
You feel as though you will be weak longer.
There is a stone staircase leading up, spattered with blood here.
You take 19 damage, and have 22/41 hp.
MASSIVE DAMAGE!!
The ogre closely misses you. The orc barely misses you. The orc misses you.
The phantom barely misses you.
You climb upwards.
There is a stone staircase leading down, spattered with blood here.
The orc hits you with a +0 mace. The phantom barely misses you.
You see here a +0 club.
You take 2 damage, and have 21/41 hp.
The orc attacks as it pursues you! The orc barely misses you.
The ogre attacks as it pursues you! The ogre hits you with a +0 giant club!
* * * LOW HITPOINT WARNING * * *
You take 16 damage, and have 5/41 hp.
MASSIVE DAMAGE!!
The phantom closely misses you. The orc attacks as it pursues you!
The orc hits you with a +0 mace.
You die...

#....###.###...............#
##.....#.#...#...........#.#
##....###..###.........(#.#####
#........>###...)............##
#.......[......>)......####....
#.........##..O).......# #....#
#.........##...W.......# #....#
#############.o........###.....
##h##..#####)......
####...........#.....
##..................#.
####...###....[........#.
#.....####.#####...#.....
#.###.##...# ###.#.....
#.....#..### #........
###..##.## #.#####.. #.###.#
#.#......


You could see an ogre, a phantom and an orc.

Vanquished Creatures
  Terence (D:2)
  An orc wizard (D:3)
  5 gnolls
  4 adders
  8 dart slugs
  2 ribbon worms (D:2)
  3 orcs (D:3)
  5 endoplasms
  7 hobgoblins
  6 jackals
  4 kobolds
  3 quokkas
  4 ball pythons
  3 bats
  3 frilled lizards
  9 goblins
  4 rats
72 creatures vanquished.

Notes
Turn   | Place    | Note
-------+----------+-------------------------------------------
     0 | D:1      | Dirtsage the Octopode Shapeshifter began the quest for the
                  | Orb.
     0 | D:1      | Reached XP level 1. HP: 13/13 MP: 1/1
   450 | D:1      | Reached XP level 2. HP: 18/18 MP: 2/2
   884 | D:2      | Reached XP level 3. HP: 19/23 MP: 3/3
  1052 | D:2      | Reached XP level 4. HP: 19/29 MP: 4/4
  1197 | D:2      | Found Vuxt's Weapon Shop.
  1299 | D:2      | Noticed Terence
  1441 | D:2      | Killed Terence
  1474 | D:3      | Reached skill level 4 in Shapeshifting
  1480 | D:3      | Reached XP level 5. HP: 33/34 MP: 5/5
  1918 | D:4      | Noticed an ogre
  1954 | D:4      | Noticed a phantom
  2194 | D:3      | Reached XP level 6. HP: 26/41 MP: 6/6
  2276 | D:3      | Slain by an orc

Illustrated notes

Levels and vault maps discovered:
D:1:      roderic_chinese_lattice_arrival, layout_basic,
          kennysheep_pointless_box
D:2:      layout_basic, serial_shops, nicolae_shop_trees,
          chequers_serial_rivers_large_b, uniq_terence
D:3:      kennysheep_slugbush, layout_rooms, minmay_quantized
D:4:      layout_rooms, minmay_temple_entry_statues, serial_rivers,
          chequers_serial_rivers_micro_c, chequers_serial_rivers_large_a,
          chequers_serial_rivers_marsh, chequers_serial_rivers_micro_a,
          chequers_serial_rivers_micro_e, chequers_serial_rivers_marsh,
          kennysheep_generic_room_11

Skill      XL: |  1  2  3  4  5 |
---------------+----------------+-----
Fighting       | 2 |  2.5
Shapeshifting  | 4 |  4.4
Dodging        | 3 |  3.2
Unarmed Combat | |  3.9

Action                     |  1- 3 |  4- 6 || total
---------------------------+-------+-------++-------
  Melee: Unarmed           |    58 |    81 ||   139
         Constrict         |    19 |    30 ||    49
         Tentacles         |    11 |    19 ||    30
         Punch             |       |     6 ||     6
   Stab: Sleeping          |     4 |     9 ||    13
 Armour: Skin              |    15 |    33 ||    48
  Dodge: Dodged            |    39 |    63 ||   102

Table legend: (Time is in decaauts)
 A = Elapsed time spent in this place.
 B = Non-inter-level travel time spent in this place.
 C = Inter-level travel time spent in this place.
 D = Time resting spent in this place.
 E = Time spent auto-exploring this place.
 F = Levels seen in this place.
 G = Mean time per level.
                   A        B        C        D        E       F      G
               +--------+--------+--------+--------+--------+-----+--------+
         Total |   2271 |   2145 |    126 |    221 |   1525 |   4 |  567.8 |
       Dungeon |   2271 |   2145 |    126 |    221 |   1525 |   4 |  567.8 |
               +--------+--------+--------+--------+--------+-----+--------+

Top non-repeatable levels by time:
     D:1: 872 daAuts
     D:3: 786 daAuts
     D:2: 577 daAuts
     D:4: 34 daAuts
